 Dungeon Crawl Stone Soup version 0.28.0-45-g0d030f2227 (webtiles) character file.

Game seed: 3612123396612163174

21 gohu the Skirmisher (level 2, 0/27 HPs)
             Began as a Hill Orc Fighter on May 29, 2022.
             Succumbed to Sigmund's poison
             ... on level 2 of the Dungeon.
             The game lasted 00:01:38 (1124 turns).

gohu the Skirmisher (Hill Orc Fighter)              Turns: 1124, Time: 00:01:39

Health: 0/27       AC:  6    Str: 18    XL:     2   Next: 87%
Magic:  2/2        EV:  9    Int:  8    God:
Gold:   23         SH:  0    Dex: 10    Spells: 1/1 levels left

rFire   . . .      SeeInvis .   a - +0 war axe
rCold   . . .      Faith    .   c - +0 buckler
rNeg    + . .      Spirit   .   b - +0 scale mail
rPois   .          Reflect  .   (no helmet)
rElec   .          Harm     .   (no cloak)
rCorr   .          Rampage  .   (no gloves)
Will    .....                   (no boots)
Stlth   ..........              (no amulet)
HPRegen 0.09/turn               j - ring of positive energy
MPRegen 0.08/turn               (no ring)

@: confused, mighty, lethally poisoned (0 -> -1)
A: no striking features
a: no special abilities


You were on level 2 of the Dungeon.
You visited 1 branch of the dungeon, and saw 2 of its levels.

You collected 23 gold pieces.

Inventory:

Hand Weapons
 a - a +0 war axe (weapon)
Armour
 b - a +0 scale mail (worn)
 c - a +0 buckler (worn)
Jewellery
 j - a ring of positive energy (left hand)
 k - a ring of flight
Scrolls
 e - a scroll of holy word {unknown}
 f - a scroll of silence {unknown}
Potions
 g - a potion of heal wounds {unknown}
 h - a potion of attraction {unknown}
 i - a potion of curing {unknown}


   Skills:
 * Level 4.1 Fighting
 * Level 3.3 Axes
 + Level 3.6 Armour
 - Level 3.2 Shields


You had one spell level left.
You didn't know any spells.
Your spell library contained the following spells:

 Spells                   Type           Power      Damage    Failure   Level
 Confusing Touch          Hex            0%         N/A       99%         3
 Yara's Violent Unravell  Hex/Tmut       0%         3d3       100%        5
 Enfeeble                 Hex            0%         N/A       100%        7


Dungeon Overview and Level Annotations

Branches:
Dungeon (2/15)

Altars:

Shops:
D:2 ::

Annotations:
D:2 Sigmund


Message History

You feel very mighty all of a sudden. Sigmund gestures at you while chanting.
You block the puff of flame. Sigmund casts a spell at you.
You are confused.
You are too confused!
You are too confused!
You are too confused!
You are too confused!
You're too confused to move!
Sigmund points at you and mumbles some strange words.
You resist with significant effort.
Sigmund hits you from afar with a +1 scythe of venom!
You are poisoned.
You feel very sick. Sigmund says, "I'm your fate."
You bump into the rock wall.
You feel very sick. Sigmund misses you.
You bump into the rock wall.
You feel sick.
Sigmund hits you from afar with a +1 scythe of venom.
* * * LOW HITPOINT WARNING * * *
You bump into the rock wall.
You feel less confused.
* * * LOW HITPOINT WARNING * * *
You feel sick.
* * * LOW HITPOINT WARNING * * *
You feel sick. Sigmund barely misses you.
You closely miss Sigmund.
* * * LOW HITPOINT WARNING * * *
You feel sick. Sigmund casts a spell at you.
You are confused.
* * * LOW HITPOINT WARNING * * *
You feel sick. Sigmund closely misses you.
You bump into the rock wall.
* * * LOW HITPOINT WARNING * * *
You feel sick.
You completely miss Sigmund.
You die...

#######+##
#........#
#........#
##........#
..........#
.......@@.#
...#####.##
#.# #.#
###.########
#..........#.#
#.#.######.#.#
#.#.# #.#.#
#.#.# #.#.#


You could see Sigmund.

Vanquished Creatures
  2 bats (D:1)
  2 endoplasms
  2 giant cockroaches (D:1)
  3 hobgoblins
  3 quokkas (D:1)
  4 ball pythons
  2 rats
18 creatures vanquished.

Vanquished Creatures (others)
  2 plants (D:2)
2 creatures vanquished.

Grand Total: 20 creatures vanquished

Notes
Turn   | Place    | Note
-------+----------+-------------------------------------------
     0 | D:1      | gohu the Hill Orc Fighter began the quest for the Orb.
     0 | D:1      | Reached XP level 1. HP: 19/19 MP: 1/1
   150 | D:1      | Reached skill level 4 in Fighting
   150 | D:1      | Reached XP level 2. HP: 27/27 MP: 2/2
   957 | D:2      | Found Fat Yxami's Book Boutique.
  1007 | D:2      | Found Puadoufy's Book Shop.
  1058 | D:2      | Found a faded altar of an unknown god.
  1061 | D:2      | Noticed a floating eye
  1108 | D:2      | Noticed Sigmund
  1123 | D:2      | HP: 1/27 [poisoned by Sigmund]
  1124 | D:2      | Succumbed to Sigmund's poison

Illustrated notes

Levels and vault maps discovered:
D:1:      saegor_arrival_miasma, layout_basic
D:2:      wad_lake_hut, layout_basic, hellmonk_ecumenical_altar_watching_god,
          serial_shops, shop, nicolae_shop_hallway_plus, nicolae_lakefront_shop,
          nicolae_shop_hallway_plus, uniq_sigmund

Skill      XL: |  1  2 |
---------------+-------+-----
Fighting       | 4 |  4.1
Axes           | 3 |  3.3
Armour         | |  3.6
Shields        | |  3.2

Action                   || total
-------------------------++-------
Melee: War axe           ||    50
  Use: Potion            ||     1
Armor: Scale mail        ||    23
Dodge: Dodged            ||    28
Block: Buckler           ||    16
